 Dungeon Sprint DCSS version 0.30-b1-2-g02819fbbbe (webtiles) character file.

Game seed: 10125716820893430973

20900 funkygono the Executioner (level 12, -3/127 HPs)
             Began as a Minotaur Fighter on July 15, 2023.
             Was the Champion of Okawaru.
             Slain by an Executioner (16 damage)
             ... in the Dungeon (Sprint V: "Ziggurat Sprint").
             The game lasted 00:08:38 (1089 turns).

funkygono the Executioner (Minotaur Fighter)        Turns: 1089, Time: 00:08:38

Health: -3/127     AC: 24    Str: 38    XL:     12   Next: 49%
Magic:  4/14       EV:  7    Int:  5    God:    Okawaru [******]
Gold:   0          SH: 40    Dex: 10    Spells: 11/11 levels left

rFire   . . .        b - +5 broad axe
rCold   + . .        v - +18 shield of the Gong {Loud rN+ Will+ rCorr EV-5}
rNeg    + . .        a - +15 Maxwell's patent armour {-Cast -Tele rElec Will+ rCorr}
rPois   .            (helmet restricted)
rElec   +            C - scarf "Duborphukh" {shadows, rC+ Slay+2}
rCorr   +            (no gloves)
SInv    .            (no boots)
Will    ++...        B - amulet of reflection
Stlth   x              - +6 ring of strength
HPRegen 0.41/turn    y - +6 ring of strength
MPRegen 0.14/turn

%: no teleportation, no spellcasting, reflection
@: heroic, spiked, corroded, studying Conjurations
A: horns 2, retaliatory headbutt
a: Renounce Religion, Heroism, Finesse


You were in the Dungeon.
You worshipped Okawaru.
Okawaru was exalted by your worship.
You visited 1 branch

Inventory:

Hand Weapons
 b - a +5 broad axe (weapon)
 E - the +11 falchion "Zuathron" {heavy, Str+3}
   (You took it off a draconian in the Dungeon)

   Str:       It affects your strength (+3).
Armour
 a - the +15 Maxwell's patent armour (worn) {-Cast -Tele rElec Will+ rCorr}
   (You found it in the Dungeon)

   rElec:     It insulates you from electricity.
   -Cast:     It prevents spellcasting.
   -Tele:     It prevents most forms of teleportation.
   rCorr:     It protects you from acid and corrosion.
   Will:      It increases your willpower.
 t - a +3 tower shield
 v - the +18 shield of the Gong (worn) {Loud rN+ Will+ rCorr EV-5}
   (You found it in the Dungeon)

   Loud:      It is deafeningly noisy when blocking attacks.
   EV:        It affects your evasion (-5).
   rN:        It protects you from negative energy.
   rCorr:     It protects you from acid and corrosion.
   Will:      It increases your willpower.
 C - the scarf "Duborphukh" (worn) {shadows, rC+ Slay+2}
   (Okawaru gifted it to you in the Dungeon)

   Slay:      It affects your accuracy & damage with ranged weapons and melee
   (+2).
   rC:        It protects you from cold.
Jewellery
 s - a ring of flight
 u - a +6 ring of dexterity
 w - the ring of Feroavy {rElec rN+ Dex+4}
   (You found it in the Dungeon)

   [ring of positive energy]

   Dex:       It affects your dexterity (+4).
   rElec:     It insulates you from electricity.
   rN:        It protects you from negative energy.
 x - a +6 ring of strength (left hand)
 y - a +6 ring of strength (right hand)
 B - an amulet of reflection (around neck)
 F - a ring of wizardry
 G - an amulet of guardian spirit
 H - a ring of protection from fire
 J - a ring of wizardry
Wands
 c - a wand of digging (19)
 n - a wand of flame (31)
 z - a wand of mindburst (7)
 A - a wand of acid (14)
 D - a wand of roots (8)
Scrolls
 j - 4 scrolls of blinking
 o - 4 scrolls of amnesia
 p - 7 scrolls of fog
 q - 5 scrolls of identify
 r - 2 scrolls of fear
Potions
 d - 6 potions of might
 e - 9 potions of curing
 f - 7 potions of heal wounds
 g - 6 potions of haste
 h - 7 potions of magic
 i - 3 potions of berserk rage
 k - 2 potions of brilliance
 l - 2 potions of invisibility
 m - 4 potions of resistance


   Skills:
 + Level 18.2(23.2) Fighting
 + Level 23.3(27) Axes
 + Level 11.9(16.9) Armour
 + Level 4.2(9.2) Dodging
 + Level 21.5(26.5) Shields
 + Level 4.3 Invocations


You had 11 spell levels left.
You didn't know any spells.
Your spell library contained the following spells:

 Spells                   Type           Power      Damage    Failure   Level
 Shock                    Conj/Air       0%         1d3       88%         1
 Blink                    Tloc           0%         N/A       96%         2
 Frozen Ramparts          Ice            0%         1d1       99%         3
 Ignite Poison            Fire/Tmut/Pois 0%         N/A       99%         3
 Portal Projectile        Hex/Tloc       0%         N/A       99%         3
 Swiftness                Air            0%         N/A       99%         3
 Vhi's Electric Charge    Tloc/Air       0%         N/A       99%         3
 Airstrike                Air            0%         2d(0-16)  100%        4
 Ice Form                 Ice/Tmut       0%         N/A       100%        4
 Manifold Assault         Tloc           0%         N/A       100%        4
 Sticky Flame             Conj/Fire      0%         2d3       100%        4
 Arcjolt                  Conj/Air       0%         1d10      100%        5
 Blade Hands              Tmut           0%         N/A       100%        5
 Dispersal                Tloc           0%         N/A       100%        6
 Eringya's Noxious Bog    Tmut/Pois      0%         N/A       100%        6
 Plasma Beam              Fire/Air       0%         2x1d11    100%        6
 Storm Form               Tmut/Air       0%         N/A       100%        7
 Disjunction              Tloc           0%         N/A       100%        8
 Ignition                 Fire           0%         3d3       100%        8
 Tukima's Dance           Hex            Unusable   N/A       N/A         3
 Summon Ice Beast         Ice/Summ       Unusable   N/A       N/A         4
 Summon Forest            Summ/Tloc      Unusable   N/A       N/A         5
 Summon Hydra             Summ           Unusable   N/A       N/A         7

Dungeon Overview and Level Annotations

Branches:
Dungeon (1/1)

Altars:
Ashenzari
Cheibriados
Dithmenos
Elyvilon
Fedhas
Gozag
Hepliaklqana
Kikubaaqudgha
Makhleb
Nemelex Xobeh
Okawaru
Qazlal
Ru
Sif Muna
Trog
Uskayaw
Vehumet
Wu Jian
Xom
Yredelemnul
Zin
The Shining One
Jiyva
Lugonu

Annotations:
D 1 transporter


Innate Abilities, Weirdness & Mutations

You have a pair of horns on your head.
You reflexively headbutt those who attack you in melee.


Message History

You slice Fica!! Your headbutt misses Fica.
Fica is moderately wounded.
You barely miss something. You hit the sun demon but do no damage.
You hit the Executioner but do no damage.
You hit something but do no damage. You slash the rust devil!
The Executioner hits you but does no damage.
You block the Executioner's attack.
GONNNNG!
You block the Executioner's attack.
GONNNNG!
You block the Executioner's attack.
GONNNNG!
The Executioner hits you but does no damage. x2
A lance of force appears from out of thin air!
You block lance of force... and reflect it back!
GONNNNG!
The lance of force hits something!
Something collides with Fica!
Fica is moderately wounded.
The rust devil hits you. The rust devil corrodes you!
Something completely misses you.
The red devil hits you from afar with a +0 trident.
* * * LOW HITPOINT WARNING * * *
Barbed spikes become lodged in your body.
The sun demon hits you!
* * * LOW HITPOINT WARNING * * *
You are engulfed in flames!
* * * LOW HITPOINT WARNING * * *
You block Fica's attack.
BONNNG!
You hit Fica but do no damage. Your headbutt misses Fica.
Fica is moderately wounded.
You miss something. You slash the rust devil! You slash something!
You hit the sun demon but do no damage. You closely miss the Executioner.
You block the Executioner's attack.
BOUMMMMG!
You block the Executioner's attack.
SHROANNG!
The Executioner hits you but does no damage.
The Executioner hits you!
You die...

▓....©... ▓▓▓▓▓▓▓▓▓▓▓
▓...8©8...▓...8©8...▓
▓../.[=)=.▓.../..[..▓
▓..[):[=..▓..).:....▓
▓.........▓......=..▓
▓..44.....▓..)).....▓
▓..3{4....▓..))(....▓
▓.41@&4...▓..(.|....▓
▓.........▓....(....▓
▓.▓.....▓.▓.▓.....▓.▓
▓....©....▓....©....▓
▓▓▓▓▓▓▓▓▓▓▓▓▓▓▓▓▓▓▓▓▓


You could see Fica, an Executioner (fast), a sun demon, a hellwing, an ice
devil, a rust devil, a chaos spawn and a red devil.

Vanquished Creatures
  An Executioner (D)
  An ironbound preserver (D)
  3 stone giants (D)
  A black draconian (D)
  A white draconian (D)
  2 green draconians (D)
  A yellow draconian (D)
  3 yaktaur captains (D)
  3 vault guards (D)
  2 centaur warriors (D)
  An ironbound frostheart (D)
  A spriggan druid (D)
  An ugly thing (D)
  A cyclops (D)
  3 draconians (D)
  A naga mage (D)
  A vault sentinel (D)
  6 yaktaurs (D)
  3 hornets (D)
  3 spriggans (D)
  A yak (D)
  A naga (D)
  2 hell hounds (D)
  A water moccasin (D)
  An ice beast (shapeshifter) (D)
  A black bear (D)
  9 wolves (D)
  A centaur (D)
  A phantom (D)
  A scorpion (shapeshifter) (D)
  3 adders (D)
  A river rat (D)
  An ufetubus (D)
  An adder skeleton (D)
  A bat skeleton (D)
  A jackal (D)
  A ball python zombie (D)
  A jackal skeleton (D)
68 creatures vanquished.

Notes
Turn   | Place    | Note
-------+----------+-------------------------------------------
     0 | D        | funkygono the Minotaur Fighter began the quest for the Orb.
     0 | D        | Reached XP level 1. HP: 19/19 MP: 0/0
     0 | D        | Found a blossoming altar of Fedhas.
     0 | D        | Found the +6 Majin-Bo {spellvamp, MP+6 Int+6}
     0 | D        | Found the +27 heavy crossbow "Sniper" {heavy, Acc+∞ SInv}
     0 | D        | Found the +10 dark maul {heavy}
     0 | D        | Found the +15 Maxwell's patent armour {-Cast -Tele rElec
                  | Will+ rCorr}
     0 | D        | Found the +18 shield of the Gong {Loud rN+ Will+ rCorr
                  | EV-5}
     0 | D        | Found the +16 obsidian axe {drain, demonic, Mesm Drain Fly
                  | SInv}
     0 | D        | Found the +7 great mace "Firestarter" {flame, immolate,
                  | rFlCloud rF++}
     0 | D        | Found the +6 shillelagh "Devastator" {shatter}
     0 | D        | Found the +11 plutonium sword {Contam Stlth-}
     0 | D        | Found the +8 lance "Wyrmbane" {slay drac, rPois rF+ rC+
                  | AC+3}
     0 | D        | Found the +9 sword of Zonguldrok {reap}
     0 | D        | Found the +13 scythe of Curses {drain, curses, Drain}
     0 | D        | Found the +9 sword of Power {lifebolt}
     0 | D        | Found the +7 mace of Variability {chaos, chaos arc}
     0 | D        | Found the +11 Singing Sword {sonic wave}
     0 | D        | Found the +8 storm bow {elec, penet}
     1 | D        | Found a shimmering blue altar of Sif Muna.
     1 | D        | Found a sacrificial altar of Ru.
     1 | D        | Found a bloodstained altar of Trog.
     1 | D        | Found a stormy altar of Qazlal.
     1 | D        | Found an iron altar of Okawaru.
     1 | D        | Found a sparkling altar of Nemelex Xobeh.
     3 | D        | Found a transporter.
     3 | D        | Found an ancient bone altar of Kikubaaqudgha.
     3 | D        | Found a viscous altar of Jiyva.
     3 | D        | Found a corrupted altar of Lugonu.
     3 | D        | Found a hazy altar of Hepliaklqana.
     3 | D        | Found a burning altar of Makhleb.
     3 | D        | Found an opulent altar of Gozag.
     6 | D        | Reached skill level 5 in Fighting
     6 | D        | Reached skill level 4 in Axes
     6 | D        | Reached skill level 5 in Armour
     6 | D        | Reached skill level 5 in Shields
     6 | D        | Reached XP level 2. HP: 29/29 MP: 1/1
   146 | D        | Became a worshipper of Warmaster Okawaru
   158 | D        | Entered arena 2.
   158 | D        | Noticed a phantom
   158 | D        | Found a transporter.
   163 | D        | Killed a phantom
   164 | D        | Reached skill level 5 in Axes
   164 | D        | Reached XP level 3. HP: 38/38 MP: 2/2
   164 | D        | Reached XP level 4. HP: 45/45 MP: 3/3
   172 | D        | Entered arena 3.
   172 | D        | Noticed a boggart
   172 | D        | Noticed a cyan ugly thing
   172 | D        | Noticed a hornet
   172 | D        | Found a transporter.
   174 | D        | a boggart changed into a basilisk
   174 | D        | Noticed a basilisk (shapeshifter)
   177 | D        | a basilisk changed into a wyvern
   177 | D        | Noticed a wyvern (shapeshifter)
   178 | D        | a hornet changed into a hog
   178 | D        | Noticed a hog (shapeshifter)
   179 | D        | a hog changed into a naga
   179 | D        | Noticed a naga (shapeshifter)
   184 | D        | a wyvern changed into a steam dragon
   184 | D        | Noticed a steam dragon (shapeshifter)
   185 | D        | a steam dragon changed into an ice beast
   185 | D        | Noticed an ice beast (shapeshifter)
   187 | D        | Killed an ice beast
   187 | D        | Reached * piety under Okawaru
   188 | D        | Reached skill level 7 in Axes
   188 | D        | Reached XP level 5. HP: 7/52 MP: 4/4
   189 | D        | a naga changed into a scorpion
   192 | D        | Killed a cyan ugly thing
   192 | D        | Reached ** piety under Okawaru
   193 | D        | Reached skill level 10 in Axes
   193 | D        | Reached skill level 10 in Shields
   193 | D        | Reached XP level 6. HP: 29/63 MP: 5/5
   193 | D        | Reached XP level 7. HP: 32/70 MP: 6/6
   197 | D        | Reached skill level 11 in Axes
   317 | D        | Entered arena 4.
   317 | D        | Noticed a yak
   317 | D        | Found a transporter.
   322 | D        | Killed a yak
   323 | D        | Reached skill level 12 in Axes
   333 | D        | Got the ring of Feroavy {rElec rN+ Dex+4}
   335 | D        | Entered arena 5.
   335 | D        | Found a transporter.
   342 | D        | Reached skill level 10 in Armour
   342 | D        | Reached XP level 8. HP: 78/78 MP: 7/7
   344 | D        | Reached skill level 13 in Axes
   353 | D        | Entered arena 6.
   353 | D        | Noticed a yaktaur
   353 | D        | Noticed a yaktaur
   353 | D        | Noticed a yaktaur
   353 | D        | Noticed a yaktaur
   353 | D        | Found a transporter.
   361 | D        | Killed a yaktaur
   361 | D        | Reached *** piety under Okawaru
   361 | D        | Killed a yaktaur
   362 | D        | Reached skill level 10 in Fighting
   362 | D        | Reached skill level 14 in Axes
   363 | D        | Killed a yaktaur
   364 | D        | Reached skill level 15 in Axes
   364 | D        | Reached skill level 1 in Invocations
   364 | D        | Reached XP level 9. HP: 58/86 MP: 5/8
   366 | D        | Killed a yaktaur
   449 | D        | Entered arena 7.
   452 | D        | Found a transporter.
   471 | D        | Entered arena 8.
   471 | D        | Noticed a naga mage
   473 | D        | Found a transporter.
   477 | D        | Reached skill level 16 in Axes
   481 | D        | Killed a naga mage
   481 | D        | Reached **** piety under Okawaru
   499 | D        | Entered arena 9.
   499 | D        | Noticed a vault guard
   499 | D        | Noticed a vault sentinel
   499 | D        | Noticed an ironbound frostheart
   499 | D        | Noticed an ironbound preserver
   499 | D        | Noticed a yaktaur captain
   499 | D        | Noticed a vault guard
   499 | D        | Noticed a vault guard
   501 | D        | Found a transporter.
   504 | D        | Killed a vault guard
   505 | D        | Reached skill level 17 in Axes
   505 | D        | Reached skill level 15 in Shields
   507 | D        | Killed a yaktaur captain
   507 | D        | Reached ***** piety under Okawaru
   508 | D        | Reached XP level 10. HP: 97/97 MP: 7/10
   510 | D        | Killed an ironbound preserver
   510 | D        | Identified the scarf "Duborphukh" {shadows, rC+ Slay+2}
                  | (Okawaru gifted it to you in the Dungeon)
   510 | D        | Received a gift from Okawaru
   511 | D        | Reached skill level 18 in Axes
   511 | D        | Killed an ironbound frostheart
   514 | D        | Killed a vault guard
   515 | D        | Reached skill level 19 in Axes
   516 | D        | Killed a vault sentinel
   517 | D        | Killed a vault guard
   550 | D        | Entered arena 10.
   550 | D        | Noticed a draconian
   550 | D        | Noticed a yellow draconian
   550 | D        | Noticed a black draconian
   550 | D        | Noticed a draconian
   550 | D        | Noticed a white draconian
   551 | D        | Noticed a green draconian
   551 | D        | Identified the +11 falchion "Zuathron" {heavy, Str+3}
   551 | D        | Noticed a draconian
   552 | D        | Noticed a green draconian
   553 | D        | Found a transporter.
   559 | D        | Killed a draconian
   560 | D        | Reached skill level 20 in Axes
   560 | D        | Killed a yellow draconian
   561 | D        | Reached XP level 11. HP: 71/108 MP: 10/12
   565 | D        | Killed a green draconian
   570 | D        | Killed a black draconian
   571 | D        | Reached skill level 21 in Axes
   571 | D        | Killed a green draconian
   571 | D        | Reached ****** piety under Okawaru
   572 | D        | Killed a white draconian
   573 | D        | Reached skill level 15 in Fighting
   708 | D        | Entered arena 11.
   708 | D        | Noticed a spriggan rider
   708 | D        | Noticed a spriggan rider
   708 | D        | Noticed a spriggan rider
   709 | D        | Noticed a spriggan druid
   715 | D        | Received a gift from Okawaru
   719 | D        | Killed a spriggan druid
   720 | D        | Reached skill level 22 in Axes
   721 | D        | Found a transporter.
   726 | D        | Killed a spriggan rider
   775 | D        | Entered arena 12.
   777 | D        | Noticed a stone giant
   777 | D        | Noticed a stone giant
   777 | D        | Noticed a yaktaur captain
   777 | D        | Noticed a stone giant
   778 | D        | Noticed a centaur warrior
   780 | D        | Noticed a yaktaur captain
   780 | D        | Noticed a centaur warrior
   783 | D        | Found a transporter.
   785 | D        | Killed a centaur warrior
   786 | D        | Killed a centaur warrior
   787 | D        | Reached XP level 12. HP: 87/124 MP: 10/13
   787 | D        | Killed a stone giant
   789 | D        | Killed a yaktaur captain
   791 | D        | Killed a yaktaur captain
   792 | D        | Killed a stone giant
   793 | D        | Reached skill level 23 in Axes
   797 | D        | Killed a stone giant
   797 | D        | Received a gift from Okawaru
  1073 | D        | Entered arena 13.
  1076 | D        | Noticed an Executioner
  1076 | D        | Noticed Fica the pandemonium lord
  1076 | D        | Noticed an Executioner
  1077 | D        | Noticed Kuvonioroda the pandemonium lord
  1082 | D        | Killed an Executioner
  1083 | D        | Found a transporter.
  1089 | D        | Slain by an Executioner

Illustrated notes

Levels and vault maps discovered:
D:        sprint_v [room_start, room_1, room_2, room_3, room_4, room_5, room_6,
          room_7, room_8, room_9, room_10, room_11, room_12, room_13, room_14,
          room_15, room_16, room_17, room_18, room_19, room_20, room_21,
          room_22, room_23, room_24, room_25, room_26, room_27]

Skill      XL: |  1  2  3  4  5  6  7  8  9 10 11 12 |
---------------+-------------------------------------+-----
Fighting       | 5 6 7 9 10 11 13 16 18 | 18.2
Axes           | 4 5 7 10 12 15 17 20 22 23 | 23.3
Armour         | 5 6 7 9 10 11 | 11.9
Dodging        | 3 4 |  4.2
Shields        | 5 6 7 10 11 13 15 17 20 21 | 21.5
Invocations    | 1 2 3 4 |  4.3

Action                     |  1- 3 |  4- 6 |  7- 9 | 10-12 || total
---------------------------+-------+-------+-------+-------++-------
  Melee: Broad axe         |     4 |    15 |    43 |    72 ||   134
         Headbutt          |     1 |     3 |     7 |    15 ||    26
 Invoke: Heroism           |       |       |     5 |     4 ||     9
    Use: Potion            |     1 |     3 |       |     1 ||     5
 Armour: Plate armour      |     2 |    17 |    27 |    50 ||    96
  Dodge: Dodged            |       |     5 |     8 |    16 ||    29
  Block: Kite shield       |     6 |    43 |    96 |   164 ||   309
         Reflection        |       |       |     4 |    11 ||    15
